 Dungeon Crawl Stone Soup version 0.21.1-1-g345015f (webtiles) character file.

9 tidbits the Magician (level 2, 3/20 HPs)
             Began as a Gnoll Wanderer on June 8, 2018.
             Quit the game on level 4 of the Dungeon.
             The game lasted 00:03:23 (230 turns).

tidbits the Magician (Gnoll Wanderer)                Turns: 230, Time: 00:03:23

Health: 3/20       AC:  2    Str: 13    XL:     2   Next: 16%
Magic:  3/7        EV: 11    Int: 14    God:
Gold:   14         SH:  3    Dex: 15    Spells: 8/10 levels left

rFire    . . .     SeeInvis .   d - +0 dagger
rCold    . . .     Gourm    .   (no shield)
rNeg     . . .     Faith    .   c - +0 robe
rPois    .         Spirit   .   (helmet restricted)
rElec    .         Reflect  +   (no cloak)
rCorr    .         Harm     .   (no gloves)
MR       .....                  (no boots)
Stlth    ++........             l - +3 amulet of reflection
HPRegen  0.06/turn              (no ring)
MPRegen  0.10/turn              (no ring)

@: lethally poisoned (3 -> -7), very slightly contaminated
A: distributed training, antennae 1, fangs 1, wild magic 1, strong nose
a: no special abilities


You were on level 4 of the Dungeon.
You were not hungry.

You visited 1 branch of the dungeon, and saw 4 of its levels.

You collected 14 gold pieces.

Inventory:

Hand Weapons
 d - a +0 dagger (weapon)
 e - a +0 hunting sling
Missiles
 i - 8 javelins (quivered)
 j - 18 stones
 k - 11 arrows
Armour
 c - a +0 robe (worn)
Jewellery
 l - a +3 amulet of reflection (around neck)
   (You found it on level 4 of the Dungeon)
Scrolls
 g - a scroll of blinking {unknown}
 m - a scroll of identify {unknown}
Books
 a - a book of Flames

   Spells                             Type                      Level
   a - Flame Tongue                   Conjuration/Fire             1
   b - Throw Flame                    Conjuration/Fire             2
   c - Conjure Flame                  Conjuration/Fire             3
   d - Inner Flame                    Hexes/Fire                   3
   e - Sticky Flame                   Conjuration/Fire             4
   f - Fireball                       Conjuration/Fire             5
 b - Sif Muna's Collected Works on the Mountains

   Spells                             Type                      Level
   a - Sandblast                      Earth                        1
   b - Stone Arrow                    Conjuration/Earth            3
Comestibles
 f - 2 rations


   Skills:
 + Level 0.3 Fighting
 + Level 0.3 Short Blades
 + Level 0.3 Long Blades
 + Level 0.3 Axes
 + Level 0.3 Maces & Flails
 + Level 0.3 Polearms
 + Level 0.3 Staves
 + Level 0.3 Slings
 + Level 0.3 Bows
 + Level 0.3 Crossbows
 + Level 0.3 Throwing
 + Level 0.3 Armour
 + Level 0.3 Dodging
 + Level 0.3 Stealth
 + Level 0.3 Shields
 + Level 0.3 Unarmed Combat
 + Level 4.9 Spellcasting
 + Level 0.2 Conjurations
 + Level 2.0 Hexes
 + Level 0.2 Charms
 + Level 0.2 Summonings
 + Level 3.7 Necromancy
 + Level 0.2 Translocations
 + Level 0.2 Transmutations
 + Level 3.7 Fire Magic
 + Level 0.2 Ice Magic
 + Level 0.2 Air Magic
 + Level 2.0 Earth Magic
 + Level 0.2 Poison Magic
 + Level 0.4 Invocations
 + Level 4.4 Evocations


You had 8 spell levels left.
You knew the following spells:

 Your Spells              Type           Power        Failure   Level  Hunger
a - Flame Tongue          Conj/Fire      ##...        12%         1    None
j - Sandblast             Erth           ##....       12%         1    None


Dungeon Overview and Level Annotations

Branches:
Dungeon (4/15)
 Temple: D:4-7

Altars:

Annotations:
D:4 Eustachio


Innate Abilities, Weirdness & Mutations

Your experience applies equally to all skills.
You have very sharp teeth.
Your uncanny sense of smell can sniff out nearby items.
You have a pair of small antennae on your head.
Your spells are a little harder to cast, but a little more powerful.


Message History

j - 22 stones The orc hits you with a whip.
Casting: Sandblast
Confirm with . or Enter, or press ? or * to list all spells.
Aiming: Sandblast
Press: ? - help, Shift-Dir - straight line, f/p - orc
Aim: an orc, wielding a whip The blast of sand hits the orc.
You kill the orc!
j - 21 stones
Things that are here:
a whip; an orc corpse
Found 11 arrows.
Found a dented cabochon amulet.
You see here a ration.
f - 2 rations (gained 1)
Found a scroll labeled APREPLOVUY.
You see here 11 arrows.
k - 11 arrows
Found a robe.
You see here a dented cabochon amulet.
l - a dented cabochon amulet Put on which piece of jewellery? (? for menu, Esc to quit)
l - a +3 amulet of reflection (around neck)
Your magical contamination has completely faded away.
You see here a scroll labeled APREPLOVUY.
m - a scroll labeled APREPLOVUY Eustachio the Magnificent comes into view.
He is wielding a rapier.
Casting: Sandblast
Confirm with . or Enter, or press ? or * to list all spells.
You can't see any susceptible monsters within range! (Use Z to cast anyway.) Unknown command.
Unknown command.
Press: ? - help, v - describe, . - travel
Here: Eustachio, wielding a rapier and wearing a leather armour (resting)
The floor.
Placed new exclusion.
An adder comes into view.
A worker ant comes into view.
The adder hisses angrily.
Casting: Sandblast
Confirm with . or Enter, or press ? or * to list all spells.
You can't see any susceptible monsters within range! (Use Z to cast anyway.)
Casting: Sandblast
Confirm with . or Enter, or press ? or * to list all spells.
Aiming: Sandblast
Press: ? - help, Shift-Dir - straight line, f - adder
Aim: an adder The blast of sand hits the adder.
The adder is moderately wounded.
j - 20 stones The worker ant twitches its antennae in your direction.
Casting: Sandblast
Confirm with . or Enter, or press ? or * to list all spells.
Aiming: Sandblast
Press: ? - help, Shift-Dir - straight line, f/p - adder
Aim: an adder (moderately wounded)
You miscast Sandblast.
You are very lightly contaminated with residual magic.
Nothing appears to happen.
Eustachio growls, "To hell with you, honourless miscreant!"
The adder closely misses you.
You aren't carrying any items that you can evoke.
Unknown command.
It was a potion of mutation.
You feel extremely strange. A pair of antennae grows on your head!
You feel less in control of your magic. The adder bites you.
Eustachio mumbles some strange words.
Eustachio blinks!
Unknown command.
Okay, then.
Unknown command.
Casting: Sandblast
Confirm with . or Enter, or press ? or * to list all spells.
Aiming: Sandblast
Press: ? - help, Shift-Dir - straight line, f/p - adder
Aim: an adder (moderately wounded)
Okay, then.
Casting: Sandblast
Confirm with . or Enter, or press ? or * to list all spells.
Aiming: Sandblast
Press: ? - help, Shift-Dir - straight line, f/p - adder
Aim: an adder (moderately wounded)
The blast of sand misses the adder.
j - 19 stones The adder bites you.
The adder misses you.
Casting: Sandblast
Confirm with . or Enter, or press ? or * to list all spells.
Aiming: Sandblast
Press: ? - help, Shift-Dir - straight line, f/p - adder
Aim: an adder (moderately wounded)
The blast of sand hits the adder.
The adder is severely wounded.
j - 18 stones The adder bites you.
The worker ant bites you!
* * * LOW HITPOINT WARNING * * *
You are lethally poisoned!
The worker ant poisons you!
Are you sure you want to abandon this character and quit the game? (Confirm with "yes".)

.............#
......@......##
..............#
........[.....#
..............##
...............#
...............#
..
##########Sa...#
.... #@....# #....
#.....# ##.....
#.....###..... ...
#...........# ....
#..........###....
#.........###....#
###..............#
##..##.........#
#..####........#


You could see Eustachio, a worker ant and an adder.

Vanquished Creatures
  A leopard gecko (D:3)
  An orc (D:4)
  A bat (D:3)
  A giant cockroach (D:2)
  A goblin (D:3)
  A quokka (D:3)
6 creatures vanquished.

Notes
Turn   | Place    | Note
-------+----------+-------------------------------------------
     0 | D:1      | tidbits the Gnoll Wanderer began the quest for the Orb.
     0 | D:1      | tidbits set off with: a book of Flames, Sif Muna's Collected Works on the Mountains, a +0 robe, a +0 dagger, a ration
     0 | D:1      | Reached XP level 1. HP: 13/13 MP: 6/6
     0 | D:1      | Identified Sif Muna's Collected Works on the Mountains
     2 | D:1      | Learned a level 1 spell: Flame Tongue
   147 | D:3      | Reached skill level 2 in Hexes
   147 | D:3      | Reached skill level 2 in Earth Magic
   168 | D:3      | Reached XP level 2. HP: 19/19 MP: 4/7
   180 | D:3      | Learned a level 1 spell: Sandblast
   216 | D:4      | Noticed Eustachio
   227 | D:4      | Gained mutation: You have a pair of small antennae on your head. [potion of mutation]
   227 | D:4      | Gained mutation: Your spells are a little harder to cast, but a little more powerful. [potion of mutation]
   230 | D:4      | Quit the game

Skill      XL: |  1 |
---------------+----+-----
Hexes          | 2 |  2.0
Earth Magic    | 2 |  2.0
Fighting       | |  0.3
Short Blades   | |  0.3
Long Blades    | |  0.3
Axes           | |  0.3
Maces & Flails | |  0.3
Polearms       | |  0.3
Staves         | |  0.3
Slings         | |  0.3
Bows           | |  0.3
Crossbows      | |  0.3
Throwing       | |  0.3
Armour         | |  0.3
Dodging        | |  0.3
Stealth        | |  0.3
Shields        | |  0.3
Unarmed Combat | |  0.3
Spellcasting   | |  4.9
Conjurations   | |  0.2
Charms         | |  0.2
Summonings     | |  0.2
Necromancy     | |  3.7
Translocations | |  0.2
Transmutations | |  0.2
Fire Magic     | |  3.7
Ice Magic      | |  0.2
Air Magic      | |  0.2
Poison Magic   | |  0.2
Invocations    | |  0.4
Evocations     | |  4.4

Action                   || total
-------------------------++-------
Melee: Dagger            ||     5
       Bite              ||     1
 Cast: Flame Tongue      ||     7
       Sandblast         ||     5
  Use: Potion            ||     1
 Stab: Sleeping          ||     1
Armor: Robe              ||     2
Dodge: Dodged            ||     7

Table legend:
 A = Turns spent in this place as a percentage of turns spent in the entire game.
 B = Non-inter-level travel turns spent in this place as a percentage of non-inter-level travel turns spent in the entire game.
 C = Inter-level travel turns spent in this place as a percentage of turns spent in this place.
 D = Turns resting spent in this place as a percentage of non-inter-level travel turns spent in this place.
 E = Turns spent auto-exploring this place as a percentage of non-inter-level travel turns spent in this place.
 F = Non-inter-level travel turns spent in this place divided by the number of levels of this place that you've seen.
                   A       B       C       D       E      F
               +-------+-------+-------+-------+-------+----------------------
         Total | 100.0 | 100.0 |   0.0 |   0.0 |   0.0 |  57.5
       Dungeon | 100.0 | 100.0 |   0.0 |   0.0 |   0.0 |  57.5
               +-------+-------+-------+-------+-------+----------------------

Table legend:
 A = Kills in this place as a percentage of kills in entire the game.
 B = Kills by you in this place as a percentage of kills by you in the entire game.
 C = Kills by friends in this place as a percentage of kills by friends in the entire game.
 D = Other kills in this place as a percentage of other kills in the entire game.
 E = Experience gained in this place as a percentage of experience gained in the entire game.
 F = Experience gained in this place divided by the number of levels of this place that you have seen.
                   A       B       C       D       E      F
               +-------+-------+-------+-------+-------+----------------------
         Total | 100.0 | 100.0 |   N/A |   N/A | 100.0 |   3.5
       Dungeon | 100.0 | 100.0 |   N/A |   N/A | 100.0 |   3.5
               +-------+-------+-------+-------+-------+----------------------

Vault maps used:
D:1:      sevenhm_arrival_forest_fort_small_3
D:2:      lemuel_round_altar
D:3:      uniq_robin, uniq_jessica
D:4:      lemuel_zombie_altar_kikubaaqudgha, first_ration, sigmund_army,
          uniq_eustachio, uniq_duvessa
